 Dungeon Crawl Stone Soup version 0.20-a0-1101-g1de9d76 (webtiles) character file.

95 Wendigo the Slasher (level 4, -2/33 HPs)
             Began as a Demonspawn Gladiator on May 4, 2017.
             Was an Initiate of Dithmenos.
             Killed by divine providence
             ... invoked by an orc priest
              (12 damage)
             ... on level 3 of the Dungeon.
             The game lasted 00:05:34 (2845 turns).

Wendigo the Slasher (Demonspawn Gladiator)          Turns: 2845, Time: 00:05:35

Health: -2/33      AC:  7    Str: 15    XL:     4   Next: 40%
Magic:  4/4        EV: 11    Int: 10    God:    Dithmenos [......]
Gold:   199        SH:  3    Dex: 14    Spells: 3/3 levels left

rFire    . . .     SeeInvis .   a - +0 long sword
rCold    + . .     Gourm    .   (no shield)
rNeg     . . .     Faith    .   r - +0 scale mail
rPois    +         Spirit   .   c - +0 helmet
rElec    .         Reflect  +   (no cloak)
rCorr    .         Harm     .   (no gloves)
MR       .....                  (no boots)
Stlth    ..........             j - +3 amulet of reflection
Regen    0.2/turn               p - ring of poison resistance
MPRegen  0.1/turn               (no ring)

@: lethally poisoned (-2 -> -9), about to teleport
A: talons 1, cold resistance 1, powered by death 1, screaming 1, sturdy frame 1
a: Renounce Religion


You were on level 3 of the Dungeon.
You worshipped Dithmenos.
Dithmenos was noncommittal.
You were not hungry.

You visited 1 branch of the dungeon, and saw 3 of its levels.

You collected 199 gold pieces.

Inventory:

Hand Weapons
 a - a +0 long sword (weapon)
Missiles
 d - 3 throwing nets (quivered)
Armour
 b - a +0 leather armour
 c - a +0 helmet (worn)
 r - a +0 scale mail (worn)
Jewellery
 h - an uncursed amulet of harm {unknown}
 j - a +3 amulet of reflection (around neck)
 n - a cursed amulet of inaccuracy {unknown}
 p - a ring of poison resistance (left hand)
Scrolls
 e - a scroll of remove curse
 i - a scroll of fear
 l - a scroll of recharging {unknown}
 m - 2 scrolls of magic mapping {unknown}
 o - 4 scrolls of identify {unknown}
Potions
 q - a potion of resistance {unknown}
 u - a potion of haste {unknown}
Comestibles
 f - 3 bread rations
 g - 4 fruits
 s - 2 chunks of flesh
 t - a meat ration


   Skills:
 - Level 2.0 Fighting
 + Level 4.7 Long Blades
 - Level 1.7 Throwing
 - Level 2.6 Dodging


You had 3 spell levels left.
You didn't know any spells.

Dungeon Overview and Level Annotations

Branches:
Dungeon (3/15)

Altars:
Dithmenos
Okawaru
Trog


Innate Abilities, Weirdness & Mutations

You regenerate a little health from kills.
Your movements are slightly less encumbered by armour. (ER -2)
You have sharp toenails.
Your flesh is cold resistant. (rC+)
You occasionally shout uncontrollably at your foes.


Message History

Beogh smites you! The orc hits you with a whip.
The orc priest looks braver for a moment.
You are too injured to fight recklessly!
Unknown command.
Press: ? - help, v - describe, . - travel
Here: an orc, wielding a whip (heavily wounded)
The floor.
As you read the scroll labeled BODYBU YBBEU, it crumbles to dust.
You feel blessed for a moment.
It was a scroll of remove curse.
You feel sick. The orc hits you but does no damage.
As you read the scroll labeled MOASU ROENI, it crumbles to dust.
You assume a fearsome visage.
The orc looks frightened! x4
The adder looks frightened!
It was a scroll of fear.
You feel sick.
Cornered, the adder turns to fight!
As you read the scroll labeled GICOKE CAKE, it crumbles to dust.
You feel strangely unstable.
It was a scroll of teleportation.
Cornered, the orc turns to fight!
The orc priest calls down the wrath of Beogh upon you.
Beogh smites you!
You die...

######## #
#..@oS.## ..#
#..###oo###....#
##.# ##o.o.o...#
######.##
##..#.....
#.......####....
...
#............###..
. ..
#.......######
...# ## #.......#
..## #.......##
#..#


You could see an orc priest, an adder and 3 orcs.

Vanquished Creatures
  3 adders
  An ooze (D:2)
  2 worms (D:2)
  2 dart slugs (D:1)
  A leopard gecko (D:2)
  3 bats
  A giant cockroach (D:1)
  6 goblins
  6 hobgoblins
  6 jackals
  3 quokkas
  A ball python (D:3)
  2 frilled lizards (D:2)
  6 kobolds
  9 rats
52 creatures vanquished.

Notes
Turn   | Place    | Note
-------+----------+-------------------------------------------
     0 | D:1      | Wendigo the Demonspawn Gladiator began the quest for the Orb.
     0 | D:1      | Reached XP level 1. HP: 16/16 MP: 1/1
    93 | D:1      | Reached skill level 3 in Long Blades
   240 | D:1      | Gained mutation: You regenerate a little health from kills. [demonic ancestry]
   240 | D:1      | Reached XP level 2. HP: 22/22 MP: 2/2
  1036 | D:2      | Found a bloodstained altar of Trog.
  1133 | D:2      | Found an iron altar of Okawaru.
  1149 | D:2      | Gained mutation: Your spells are a little easier to cast, but a little less powerful. [potion of mutation]
  1149 | D:2      | Gained mutation: You have a pair of small horns on your head. [potion of mutation]
  1149 | D:2      | Gained mutation: Your skin changes colour to match your surroundings (Stealth+). [potion of mutation]
  1151 | D:2      | Gained mutation: Your movements are slightly less encumbered by armour. (ER -2) [demonic ancestry]
  1151 | D:2      | Reached XP level 3. HP: 3/27 MP: 3/3
  1152 | D:2      | Lost mutation: Your spells are a little easier to cast, but a little less powerful. [potion of mutation]
  1152 | D:2      | Lost mutation: You have a pair of small horns on your head. [potion of mutation]
  1152 | D:2      | Gained mutation: You expend magic power (3 MP) to strengthen your wands. [potion of mutation]
  1152 | D:2      | Gained mutation: You have sharp toenails. [potion of mutation]
  1153 | D:2      | Lost mutation: You expend magic power (3 MP) to strengthen your wands. [potion of mutation]
  1153 | D:2      | Lost mutation: Your skin changes colour to match your surroundings (Stealth+). [potion of mutation]
  1153 | D:2      | Gained mutation: You occasionally shout uncontrollably at your foes. [potion of mutation]
  1153 | D:2      | Gained mutation: Your flesh is cold resistant. (rC+) [potion of mutation]
  1157 | D:2      | HP: 1/27 [poisoned by an adder]
  1551 | D:2      | Reached skill level 4 in Long Blades
  2377 | D:3      | Reached XP level 4. HP: 33/33 MP: 4/4
  2729 | D:3      | Found a shadowy altar of Dithmenos.
  2746 | D:3      | Became a worshipper of Dithmenos the Shadowed
  2845 | D:3      | Killed from afar by an orc priest

Vault maps used:
D:1:      doesnt_arrival_eight_statues, kennysheep_flooded_box
D:2:      bloody_trog, kennysheep_okawaru_gauntlet, nrook_mini_backslash
D:3:      nicolae_overflow_crystal_walls, first_bread

Skill      XL: |  1  2  3 |
---------------+----------+-----
Long Blades    | 3 4 |  4.7
Fighting       | |  2.0
Throwing       | |  1.7
Dodging        | |  2.6

Action                   |  1- 3 |  4- 6 || total
-------------------------+-------+-------++-------
Melee: Long sword        |   119 |    36 ||   155
       Kick              |    13 |     8 ||    21
  Use: Potion            |     3 |       ||     3
       Scroll            |     2 |     3 ||     5
  Eat: Chunk             |     5 |     1 ||     6
Armor: Leather armour    |    37 |       ||    37
       Scale mail        |       |    15 ||    15
Dodge: Dodged            |    88 |    20 ||   108
Block: Other             |    12 |     2 ||    14
       Reflection        |     1 |       ||     1
       Rpst.: Long sword |    18 |     5 ||    23
